[Event "December 12 Early 2023"]
[Site "https://www.chess.com"]
[Date "2023.12.12"]
[Round "11"]
[White "Tarasova, Viktoriya"]
[Black "Porozhnyak, Maya"]
[Result "0-1"]
[Board "107"]
[TimeControl "180+1"]
[WhiteFideId "4175840"]
[BlackFideId "34115843"]
[WhiteElo "2321"]
[BlackElo "2425"]
[WhiteTeam "RUS"]
[BlackTeam "RUS"]
[WhiteClock "0:00:06"]
[BlackClock "0:00:12"]

1. d4 c5 2. d5 g6 3. Nc3 Bg7 4. e4 a6 5. a4 d6 6. Nf3 Bg4 7. Be2 Bxf3 8. Bxf3 b6 9. O-O Nd7 10. Be2 Ngf6 11. Be3 O-O 12. Qd2 Re8 13. h3 Qc7 14. Rad1 Reb8 15. f4 Qc8 16. b3 Ne8 17. Bd3 Nc7 18. Be2 b5 19. axb5 axb5 20. Bg4 Qd8 21. Ne2 Ra2 22. Nc1 Ra3 23. Nd3 b4 24. e5 Nxd5 25. Bxd7 Nxe3 26. Qxe3 Qxd7 27. f5 Qa7 28. fxg6 hxg6 29. Kh1 Ra2 30. Qf3 Rf8 31. Qe2 dxe5 32. Nxe5 Bxe5 33. Qxe5 Rxc2 34. Rd5 Qa2 35. Qg5 Qxb3 36. h4 Qc4 37. h5 Qxf1+ 38. Kh2 Rxg2+ 39. Qxg2 Qxg2+ 40. Kxg2 gxh5 41. Rxc5 Rb8 42. Rxh5 f6 43. Rh1 b3 44. Rb1 b2 45. Kf3 Kf7 46. Kf4 e5+ 47. Ke4 Rb4+ 0-1

[Event "December 12 Early 2023"]
[Site "https://www.chess.com"]
[Date "2023.12.12"]
[Round "11"]
[White "Rios Escobar, Adan"]
[Black "Cardozo Munar, Carlos Eduardo"]
[Result "0-1"]
[Board "108"]
[TimeControl "180+1"]
[WhiteFideId "3403645"]
[BlackFideId "4409477"]
[WhiteElo "2418"]
[BlackElo "2288"]
[WhiteTeam "CHI"]
[BlackTeam "COL"]
[WhiteClock "0:00:00"]
[BlackClock "0:00:07"]

1. Nf3 Nf6 2. c4 g6 3. Nc3 Bg7 4. e4 d6 5. d4 O-O 6. Bd3 Nc6 7. d5 Nb8 8. O-O Bg4 9. Be2 c6 10. Be3 Nbd7 11. h3 Bxf3 12. Bxf3 a6 13. Re1 Qc7 14. Rc1 c5 15. Bf4 Nh5 16. Bh2 Be5 17. Bxh5 Bxh2+ 18. Kxh2 gxh5 19. f4 Nf6 20. Kh1 Kh8 21. e5 Nd7 22. Qxh5 Rg8 23. Qxf7 Rg7 24. Qh5 Rag8 25. g4 Rg6 26. Re3 dxe5 27. fxe5 Rg5 28. Qh4 Nxe5 29. Rg1 Nxc4 30. Re6 Qf4 31. Rxe7 Qf3+ 32. Kh2 Qd3 33. Ne4 R5g7 34. Rxg7 Rxg7 35. Qd8+ Rg8 36. Qf6+ Rg7 37. Re1 Ne3 38. Ng3 Qd2+ 39. Re2 Qd4 40. Qf8+ Rg8 41. Qf3 Nxd5 42. Nf5 Qf4+ 43. Qxf4 Nxf4 44. Re7 b5 45. Rc7 c4 46. Nd6 Rf8 47. Nf7+ Kg7 48. Ng5+ Kg6 49. Nxh7 Re8 50. h4 Nd5 51. h5+ Kh6 52. Ra7 Re7 53. Rxe7 Nxe7 54. Nf6 Kg5 55. Kg3 Kxf6 56. Kf4 Nd5+ 57. Ke4 Ne7 58. Kd4 Kg5 59. Kc5 Kxg4 60. h6 Ng6 61. a4 bxa4 0-1

[Event "December 12 Early 2023"]
[Site "https://www.chess.com"]
[Date "2023.12.12"]
[Round "11"]
[White "Marchesich, Giovanni"]
[Black "Fernandez Hernandez, Gerardo"]
[Result "0-1"]
[Board "109"]
[TimeControl "180+1"]
[WhiteFideId "2824790"]
[BlackFideId "2207400"]
[WhiteElo "2416"]
[BlackElo "2215"]
[WhiteTeam "ITA"]
[BlackTeam "ESP"]
[WhiteClock "0:01:53"]
[BlackClock "0:00:05"]

1. d4 Nf6 2. Nc3 e6 3. Bg5 Bb4 4. e4 d5 5. e5 h6 6. Bd2 Bxc3 7. bxc3 Ne4 8. Qg4 Kf8 9. Bc1 c5 10. Bd3 Nxc3 11. dxc5 Nc6 12. Nf3 d4 13. O-O Qd5 14. Re1 Bd7 15. a4 a5 16. Bb2 Qxc5 17. Ba3 Nb4 18. Nxd4 Rd8 19. Nb3 Qe7 20. Nxa5 Ncd5 21. c3 Nxd3 22. Bxe7+ Kxe7 23. c4 Nxe1 24. cxd5 Nc2 25. Rc1 exd5 26. Rxc2 Bxg4 27. Nxb7 Rb8 28. h3 Rxb7 29. hxg4 Ra8 30. Rd2 Rd7 31. Rd4 Ra5 32. f4 Ke6 33. Kf2 f6 34. exf6 gxf6 35. Ke3 Rc7 36. Rb4 Rc3+ 37. Kd4 Rc4+ 38. Rxc4 dxc4 39. f5+ Ke7 40. Kxc4 Rxa4+ 41. Kd5 Rxg4 0-1

[Event "December 12 Early 2023"]
[Site "https://www.chess.com"]
[Date "2023.12.12"]
[Round "11"]
[White "Quirke, Jeffrey"]
[Black "Matveeva, Olga"]
[Result "1-0"]
[Board "110"]
[TimeControl "180+1"]
[WhiteFideId "2013029"]
[BlackFideId "24107018"]
[WhiteElo "2187"]
[BlackElo "2409"]
[WhiteTeam "USA"]
[BlackTeam "RUS"]
[WhiteClock "0:00:34"]
[BlackClock "0:00:23"]

1. e4 c6 2. Nf3 d5 3. d3 Bg4 4. Nbd2 e6 5. h3 Bxf3 6. Nxf3 Nf6 7. Qe2 dxe4 8. dxe4 Be7 9. g3 O-O 10. Bg2 Nbd7 11. O-O Qb6 12. b3 Rad8 13. Bb2 a5 14. Rad1 a4 15. e5 Nd5 16. c4 Nc7 17. Qc2 axb3 18. axb3 Na6 19. h4 Ndc5 20. Nd4 Nb4 21. Qc3 Ra8 22. Ra1 Nbd3 23. Ba3 Nxe5 24. Nxe6 fxe6 25. Qxe5 Rf5 26. Bxc5 Rxa1 27. Qxe6+ Kh8 28. Bxb6 1-0

[Event "December 12 Early 2023"]
[Site "https://www.chess.com"]
[Date "2023.12.12"]
[Round "11"]
[White "Munoz Sanchez, Miguel"]
[Black "Thorfinnsson, Bjorn"]
[Result "0-1"]
[Board "111"]
[TimeControl "180+1"]
[WhiteFideId "3600734"]
[BlackFideId "2300982"]
[WhiteElo "2335"]
[BlackElo "2572"]
[WhiteTeam "ECU"]
[BlackTeam "ISL"]
[WhiteClock "0:00:31"]
[BlackClock "0:01:18"]

1. e4 e5 2. Nf3 Nc6 3. d4 exd4 4. Bc4 Nf6 5. c3 dxc3 6. O-O d6 7. Qb3 Qd7 8. Nxc3 Na5 9. Qb4 Nxc4 10. Qxc4 Be7 11. Bg5 O-O 12. Rad1 Ne8 13. Bxe7 Qxe7 14. Nd5 Qd8 15. e5 c6 16. Ne3 d5 17. Qf4 Nc7 18. Rfe1 Ne6 19. Qg3 g6 20. h4 h5 21. Nf5 Kh7 22. Nd6 b6 23. Re3 Bd7 24. Ng5+ Nxg5 25. hxg5 Be6 26. Rd4 c5 27. Rf4 d4 28. Ra3 Qe7 29. Rf6 c4 30. Raf3 d3 31. Qf4 Rad8 32. Qd2 Rxd6 33. exd6 Qxd6 34. g4 hxg4 35. R3f4 Qe5 36. Qb4 Kg7 37. Qe7 d2 38. Rxe6 d1=Q+ 39. Kg2 Qxf4 0-1

[Event "December 12 Early 2023"]
[Site "https://www.chess.com"]
[Date "2023.12.12"]
[Round "11"]
[White "Luukkonen, Tommi"]
[Black "Kopczynski, Michal"]
[Result "0-1"]
[Board "112"]
[TimeControl "180+1"]
[WhiteFideId "501808"]
[BlackFideId "1124200"]
[WhiteElo "2321"]
[BlackElo "2522"]
[WhiteTeam "FIN"]
[BlackTeam "POL"]
[WhiteClock "0:00:10"]
[BlackClock "0:01:38"]

1. e4 b6 2. d4 Bb7 3. Nc3 e6 4. a3 Nf6 5. Bd3 d5 6. e5 Nfd7 7. Nce2 c5 8. c3 Nc6 9. Nf3 Qc7 10. O-O O-O-O 11. b4 c4 12. Bc2 h6 13. a4 f5 14. exf6 gxf6 15. Nf4 Re8 16. Re1 Nd8 17. a5 b5 18. a6 Bc6 19. Ng6 Rg8 20. Bf4 Bd6 21. Qd2 Nf7 22. Bxd6 Qxd6 23. Nf4 e5 24. Nh5 e4 25. Nh4 Ng5 26. Ng3 Nf8 27. Nhf5 Qe6 28. f3 Qxf5 29. fxe4 Qd7 30. Qf4 Ng6 31. Qf2 dxe4 32. d5 Bxd5 33. Rad1 Ne5 34. Rxd5 Qxd5 35. Qxa7 Nd3 36. Rf1 Rgf8 37. Qb6 Re6 38. Qa5 Rf7 39. a7 Qa8 40. Nf5 Qxa7+ 0-1

[Event "December 12 Early 2023"]
[Site "https://www.chess.com"]
[Date "2023.12.12"]
[Round "11"]
[White "Rose, Felix"]
[Black "Chernomordik, Pavel"]
[Result "1-0"]
[Board "113"]
[TimeControl "180+1"]
[WhiteFideId "5105722"]
[BlackFideId "2804530"]
[WhiteElo "2300"]
[BlackElo "2463"]
[WhiteTeam "MEX"]
[BlackTeam "ISR"]
[WhiteClock "0:00:09"]
[BlackClock "0:00:14"]

1. e4 g6 2. d4 Bg7 3. Nf3 d6 4. Nc3 a6 5. a4 b6 6. Be3 e6 7. Qd2 h6 8. h3 Bb7 9. Bd3 Nd7 10. O-O Ne7 11. Ne2 c5 12. c3 Nf6 13. Ng3 Qc7 14. b4 c4 15. Bc2 O-O-O 16. a5 b5 17. d5 Qd7 18. dxe6 fxe6 19. Bb6 Rdf8 20. Rad1 d5 21. exd5 Nfxd5 22. Bd4 Nf5 23. Ne5 Qe8 24. Rfe1 Rhg8 25. Ne4 Kb8 26. Nc5 Bc8 27. Bxf5 Rxf5 28. Nf3 Rxf3 29. gxf3 e5 30. Bxe5+ Bxe5 31. Qxd5 Rf8 32. Qxe5+ Qxe5 33. Rxe5 Rxf3 34. Rd8 Kc7 35. Rg8 Rxc3 36. Rxg6 Bxh3 37. Re7+ Kb8 38. Nxa6+ Kc8 39. Rg8# 1-0

[Event "December 12 Early 2023"]
[Site "https://www.chess.com"]
[Date "2023.12.12"]
[Round "11"]
[White "Liu, Casper"]
[Black "Arshiya Das"]
[Result "1-0"]
[Board "114"]
[TimeControl "180+1"]
[WhiteFideId "1454153"]
[BlackFideId "25652150"]
[WhiteElo "2432"]
[BlackElo "2222"]
[WhiteTeam "DEN"]
[BlackTeam "IND"]
[WhiteClock "0:00:13"]
[BlackClock "0:01:50"]

1. f4 d5 2. Nf3 Nf6 3. e3 e6 4. g3 g6 5. Bg2 Bg7 6. O-O O-O 7. d3 c6 8. Nc3 Nbd7 9. e4 dxe4 10. dxe4 Qb6+ 11. Kh1 Ng4 12. Qe2 f5 13. e5 Qc7 14. h3 Nh6 15. Be3 a5 16. Ng5 Re8 17. a4 b6 18. Rfd1 Ba6 19. Qf3 Rac8 20. Rd6 Bxe5 21. fxe5 Nxe5 22. Qd1 Rcd8 23. Nxe6 Qxd6 24. Nxd8 Qxd8 25. Bxh6 Qf6 26. Qd4 Rd8 27. Qxb6 Bc4 28. Re1 Bf7 29. Rxe5 Qxe5 30. Qxd8+ Be8 31. Kh2 Kf7 32. Bf4 Qe6 33. Qxa5 Kg7 34. Qe5+ Qxe5 35. Bxe5+ Kf7 36. a5 Ke6 37. a6 Kxe5 38. a7 Kd4 39. a8=Q Ke3 40. Qxe8+ Kd2 41. Qe2+ Kc1 42. b4 Kb2 43. Qd3 Kc1 44. Bxc6 g5 45. Qxf5 h5 46. Ne2+ Kb2 47. b5 h4 48. g4 Ka3 49. Qe4 Kb2 50. c4 Kb3 51. c5 Kb2 52. Qd3 Ka1 53. Qd2 Kb1 54. b6 Ka1 55. b7 Kb1 56. Bh1 Ka1 57. c6 Kb1 58. c7 Ka1 59. Nd4 Kb1 60. Nf3 Ka1 61. Kg1 Kb1 62. Kf2 Ka1 63. Ke3 Kb1 64. Kd4 Ka1 65. Kc3 Kb1 66. Kb3 Ka1 67. Bg2 Kb1 68. Ng1 Ka1 69. Nf3 Kb1 70. Bf1 Ka1 71. Be2 Kb1 72. Ba6 Ka1 73. Bb5 Kb1 74. Bc4 Ka1 75. Bg8 Kb1 76. Bd5 Ka1 77. Nxg5 Kb1 78. Nf3 Ka1 79. g5 Kb1 80. g6 Ka1 81. g7 Kb1 82. Ka3 Ka1 83. Kb4 Kb1 84. Kc5 Ka1 85. Kd6 Kb1 86. Ke7 Ka1 87. Kf6 Kb1 88. Kg5 Ka1 89. Kxh4 Kb1 90. Kg3 Ka1 91. Kf4 Kb1 92. Ke5 Ka1 93. Kd4 Kb1 94. Kc3 Ka1 95. Kb3 Kb1 96. h4 Ka1 97. h5 Kb1 98. h6 Ka1 99. h7 Kb1 100. b8=Q Ka1 101. c8=Q Kb1 102. g8=Q Ka1 103. Qf7 Kb1 104. Qfe8 Ka1 105. Qed7 Kb1 106. Qdc6 Ka1 107. Q6b7 Kb1 108. Qb5 Ka1 109. Qbc4 Kb1 110. Qbc7 Ka1 111. Qd6 Kb1 112. Qdc5 Ka1 113. Qe7 Kb1 114. Qee3 Ka1 115. Qb6 Kb1 116. Nd4 Ka1 117. Ne2 Kb1 118. Ng1 Ka1 119. Bg2 Kb1 120. Bf1 Ka1 121. Qdb4 Kb1 122. Qe7 Ka1 123. Qeb7 Kb1 124. Q7c7 Ka1 125. Qh2 Kb1 126. Qhh6 Ka1 127. Qg5 Kb1 128. Qgg6+ Ka1 129. h8=Q# 1-0

[Event "December 12 Early 2023"]
[Site "https://www.chess.com"]
[Date "2023.12.12"]
[Round "11"]
[White "Pertinez Soria, Juan Luis"]
[Black "Filipovic, Slobodan J"]
[Result "0-1"]
[Board "115"]
[TimeControl "180+1"]
[WhiteFideId "2225620"]
[BlackFideId "939633"]
[WhiteElo "2218"]
[BlackElo "2408"]
[WhiteTeam "ESP"]
[BlackTeam "SRB"]
[WhiteClock "0:00:00"]
[BlackClock "0:00:29"]

1. d4 Nf6 2. c4 e6 3. Nc3 Bb4 4. f3 c5 5. a3 Bxc3+ 6. bxc3 d5 7. Bg5 h6 8. Bxf6 Qxf6 9. e4 dxe4 10. fxe4 Qh4+ 11. g3 Qxe4+ 12. Kf2 Qxh1 13. Nf3 O-O 14. Qe2 e5 15. Re1 exd4 16. Bg2 Qxe1+ 17. Qxe1 Nc6 18. cxd4 cxd4 19. Qb1 Rd8 20. Nd2 Ne5 21. Qb5 Ng4+ 22. Kg1 Ne3 23. Bd5 Be6 24. Qxb7 Rab8 25. Qxa7 Nxd5 26. cxd5 Bxd5 27. Qxd4 Be6 28. Qf4 Rb2 29. Nf1 Bh3 30. Qe4 Rd1 0-1

[Event "December 12 Early 2023"]
[Site "https://www.chess.com"]
[Date "2023.12.12"]
[Round "11"]
[White "Subramanian, Anusha"]
[Black "Klinova, Masha"]
[Result "0-1"]
[Board "116"]
[TimeControl "180+1"]
[WhiteFideId "477710"]
[BlackFideId "2802015"]
[WhiteElo "2083"]
[BlackElo "2500"]
[WhiteTeam "ENG"]
[BlackTeam "ISR"]
[WhiteClock "0:00:02"]
[BlackClock "0:00:49"]

1. e4 d6 2. d4 Nf6 3. Bd3 e5 4. dxe5 dxe5 5. Nf3 Bd6 6. h3 O-O 7. Be3 Nbd7 8. Nc3 Nc5 9. Bxc5 Bxc5 10. Qe2 Re8 11. O-O-O c6 12. g4 Qe7 13. g5 Nd7 14. h4 b5 15. h5 Nb6 16. g6 Be6 17. gxh7+ Kh8 18. Nxe5 Qg5+ 19. Qd2 Qxe5 20. f4 Qd4 21. f5 Bc4 22. h6 Bxd3 23. hxg7+ Qxg7 24. cxd3 b4 25. Ne2 Rad8 26. d4 Bxd4 27. Nxd4 c5 28. Rdg1 Qxd4 29. Qg2 Qe3+ 30. Kb1 Qxe4+ 31. Qxe4 Rxe4 32. Rg5 Nd5 33. Rhg1 Nf6 34. Rg7 Rf8 35. a3 Rh4 36. axb4 cxb4 37. R7g3 Rxh7 38. Rb3 a5 39. Rg4 Nxg4 40. Rg3 Rh4 41. Kc2 Kg7 42. Kd3 Kf6 43. Ke4 Rc8 44. Kf3 Ne5+ 45. Kf2 Rc2+ 46. Ke3 Rxb2 47. Rg8 Rb3+ 48. Ke2 Rh2+ 49. Kd1 Rb1# 0-1

[Event "December 12 Early 2023"]
[Site "https://www.chess.com"]
[Date "2023.12.12"]
[Round "11"]
[White "Herman, Daniel"]
[Black "NastyaHn"]
[Result "1-0"]
[Board "117"]
[TimeControl "180+1"]
[WhiteFideId "30935008"]
[WhiteElo "2441"]
[BlackElo "2244"]
[WhiteTeam "USA"]
[WhiteClock "0:01:28"]
[BlackClock "0:00:00"]

1. d4 Nf6 2. c4 g6 3. Nc3 d5 4. Nf3 Bg7 5. e3 O-O 6. Be2 dxc4 7. Bxc4 c5 8. dxc5 Qxd1+ 9. Kxd1 Nbd7 10. c6 bxc6 11. Bd2 Rb8 12. Kc2 Nc5 13. Nd4 Bd7 14. f3 e5 15. Nb3 Ne6 16. Rhd1 Rfd8 17. Be1 Nh5 18. Ne4 Nc7 19. Nbc5 Be6 20. Nxe6 Nxe6 21. Bxe6 fxe6 22. Bh4 Rxd1 23. Rxd1 Bf8 24. Rd7 Ng7 25. g4 h6 26. Bf6 Ne8 27. Bxe5 1-0

[Event "December 12 Early 2023"]
[Site "https://www.chess.com"]
[Date "2023.12.12"]
[Round "11"]
[White "Dilmukhametov, Artur"]
[Black "Kuchava, Ana"]
[Result "1-0"]
[Board "118"]
[TimeControl "180+1"]
[WhiteFideId "24179922"]
[BlackFideId "13605348"]
[WhiteElo "2426"]
[BlackElo "2222"]
[WhiteTeam "RUS"]
[BlackTeam "GEO"]
[WhiteClock "0:00:25"]
[BlackClock "0:00:00"]

1. e4 c5 2. d4 cxd4 3. c3 Nf6 4. e5 Nd5 5. Bc4 Nb6 6. Bb3 d5 7. cxd4 Bf5 8. Nf3 e6 9. O-O Nc6 10. Nc3 Be7 11. Be3 Rc8 12. Rc1 a6 13. a3 Na5 14. Ba2 Nac4 15. Qe2 O-O 16. h3 Nxe3 17. Qxe3 Nc4 18. Bxc4 Rxc4 19. Nd2 Rc7 20. Nf3 b5 21. Rfd1 Rc4 22. Ne2 Qa5 23. Nd2 Rcc8 24. Nb3 Qb6 25. Nc5 h6 26. b4 Qa7 27. Ng3 Bg6 28. f4 a5 29. Ra1 Ra8 30. Qe1 Rfc8 31. Qf1 Qb6 32. f5 Bxf5 33. Nxf5 exf5 34. Qxf5 axb4 35. axb4 Bxc5 36. bxc5 Qe6 37. Qd3 b4 38. Qb5 Rxa1 39. Rxa1 1-0

[Event "December 12 Early 2023"]
[Site "https://www.chess.com"]
[Date "2023.12.12"]
[Round "11"]
[White "Georg, Heinz"]
[Black "Petrukhina, Olga"]
[Result "1-0"]
[Board "119"]
[TimeControl "180+1"]
[WhiteFideId "4607295"]
[BlackFideId "13703935"]
[WhiteElo "2335"]
[BlackElo "2216"]
[WhiteTeam "GER"]
[BlackTeam "KAZ"]
[WhiteClock "0:00:11"]
[BlackClock "0:00:00"]

1. e4 e6 2. c4 d5 3. cxd5 exd5 4. exd5 Nf6 5. Bb5+ Bd7 6. Bc4 Bd6 7. Nc3 O-O 8. Nge2 Bg4 9. h3 Bh5 10. g4 Bg6 11. f4 Be4 12. Rg1 Bc5 13. d4 Bb4 14. Be3 Nxd5 15. Bxd5 Bxd5 16. Qd3 Re8 17. O-O-O Bf3 18. Rd2 Qe7 19. Bf2 Be4 20. Qc4 Nc6 21. a3 Bd6 22. Ng3 Bxf4 23. Ngxe4 Bxd2+ 24. Kxd2 Rad8 25. Kc1 Qd7 26. d5 Ne5 27. Qe2 Ng6 28. Bg3 c6 29. d6 Re6 30. Qd3 b6 31. Rd1 Rde8 32. h4 Ne5 33. Bxe5 Rxe5 34. Ng5 h6 35. Nge4 a5 36. Kb1 c5 37. Ka1 Rc8 38. Ng3 Rce8 39. Nf5 1-0

[Event "December 12 Early 2023"]
[Site "https://www.chess.com"]
[Date "2023.12.12"]
[Round "11"]
[White "Vanek, Tomas"]
[Black "Gallegos Diaz, Carlos Alberto"]
[Result "1-0"]
[Board "120"]
[TimeControl "180+1"]
[WhiteFideId "313459"]
[BlackFideId "3900886"]
[WhiteElo "2222"]
[BlackElo "2332"]
[WhiteTeam "CZE"]
[BlackTeam "VEN"]
[WhiteClock "0:00:40"]
[BlackClock "0:00:07"]

1. e4 d6 2. d4 Nf6 3. f3 c6 4. c4 e5 5. Ne2 exd4 6. Nxd4 Be7 7. Nc3 O-O 8. Be3 Re8 9. Qd2 Bf8 10. O-O-O d5 11. cxd5 cxd5 12. Bb5 Bd7 13. g4 dxe4 14. g5 Nh5 15. Nf5 exf3 16. Bxd7 Nxd7 17. Qxd7 Qxd7 18. Rxd7 g6 19. Ng3 Rxe3 20. Nxh5 f2 21. Ng3 Be7 22. Rdd1 Bxg5 23. Kb1 f5 24. Rhf1 f4 25. Nh1 Bh4 26. Nxf2 Rae8 27. Nd3 R3e6 28. Nxf4 Rc6 29. Nfd5 Kg7 30. a3 a6 31. h3 b6 32. Rf3 b5 33. Rdf1 h5 34. Rf7+ Kh6 35. Rb7 Bg3 36. Rff7 Kg5 37. Rfe7 Kh4 38. Rxe8 Rxc3 39. Nxc3 1-0

[Event "December 12 Early 2023"]
[Site "https://www.chess.com"]
[Date "2023.12.12"]
[Round "11"]
[White "Kleibel, Uwe"]
[Black "BestestBP"]
[Result "1/2-1/2"]
[Board "121"]
[TimeControl "180+1"]
[WhiteFideId "1270982"]
[WhiteElo "2319"]
[BlackElo "2141"]
[WhiteTeam "GER"]
[WhiteClock "0:00:39"]
[BlackClock "0:00:09"]

1. d4 Nf6 2. c4 e6 3. Nc3 Bb4 4. e3 O-O 5. Bd3 d5 6. a3 Be7 7. Nge2 c5 8. cxd5 cxd4 9. Nxd4 Nxd5 10. Nxd5 Qxd5 11. O-O g6 12. Qe1 b6 13. Qe2 Bb7 14. Nf3 Nd7 15. e4 Qh5 16. Bf4 Nc5 17. Bc2 Qg4 18. Bh6 Rfd8 19. Rfe1 Bf6 20. Rab1 Qh5 21. Bf4 Ba6 22. Qe3 Bd3 23. Bxd3 Rxd3 24. Qe2 Rad8 25. h3 Nb3 26. Rbd1 Qb5 27. Rxd3 Qxd3 28. Qxd3 Rxd3 29. Re2 Nd4 30. Nxd4 Bxd4 31. a4 Rd1+ 32. Kh2 Rb1 33. Rd2 e5 34. Bh6 Rxb2 35. Rd3 Rxf2 36. a5 Ra2 37. axb6 axb6 38. Kg3 f5 39. exf5 gxf5 40. Rb3 Kf7 41. Rb5 Kg6 42. Bf8 Rb2 43. Rxb2 Bxb2 44. Kf3 Bd4 45. g4 b5 46. Bb4 h5 47. Kg3 e4 48. Kf4 fxg4 49. hxg4 e3 50. gxh5+ Kxh5 51. Ke4 Bb6 52. Kd5 Kg4 53. Kc6 Bd4 54. Kxb5 Kf3 55. Kc4 Bf6 56. Kd3 Kf2 57. Bc5 Bg5 58. Bxe3+ 1/2-1/2

[Event "December 12 Early 2023"]
[Site "https://www.chess.com"]
[Date "2023.12.12"]
[Round "11"]
[White "Negron Lizarazo, Juan Sebastian"]
[Black "Marcziter, Dmitrii"]
[Result "0-1"]
[Board "122"]
[TimeControl "180+1"]
[WhiteFideId "3936910"]
[BlackFideId "13900765"]
[WhiteElo "2140"]
[BlackElo "2302"]
[WhiteTeam "COL"]
[BlackTeam "GER"]
[WhiteClock "0:00:14"]
[BlackClock "0:01:38"]

1. e4 c5 2. Nc3 a6 3. g3 Nc6 4. Bg2 g6 5. d3 Bg7 6. Be3 d6 7. Qd2 Rb8 8. h3 b5 9. Rb1 b4 10. Nce2 Bb7 11. f4 Nf6 12. Nf3 O-O 13. O-O a5 14. g4 a4 15. Ng3 Ne8 16. f5 Nd4 17. Bh6 Nxf3+ 18. Bxf3 f6 19. g5 Bxh6 20. gxh6 d5 21. h4 dxe4 22. dxe4 Qxd2 0-1

[Event "December 12 Early 2023"]
[Site "https://www.chess.com"]
[Date "2023.12.12"]
[Round "11"]
[White "Tilahun , Abel Mathewos"]
[Black "Petrova, Irina"]
[Result "0-1"]
[Board "123"]
[TimeControl "180+1"]
[WhiteFideId "15702391"]
[BlackFideId "14124122"]
[WhiteElo "2100"]
[BlackElo "2300"]
[WhiteTeam "ETH"]
[BlackTeam "UKR"]
[WhiteClock "0:00:37"]
[BlackClock "0:00:27"]

1. d4 d6 2. c4 e5 3. e3 Nc6 4. Nc3 g6 5. d5 Nce7 6. g3 Bg7 7. Bg2 f5 8. Nge2 Nf6 9. f4 O-O 10. O-O c5 11. a4 e4 12. Bd2 a6 13. a5 Bd7 14. Na4 Rb8 15. Nb6 Nc8 16. Nxd7 Qxd7 17. Bc3 Ne7 18. Bh3 h5 19. Qd2 Kf7 20. Bg2 h4 21. Kf2 Rh8 22. Rh1 hxg3+ 23. hxg3 Ng4+ 24. Kg1 Rxh1+ 25. Bxh1 Rh8 26. Bxg7 Kxg7 27. Qc3+ Kg8 28. Bg2 Nc8 29. Rb1 Qg7 30. Qxg7+ Kxg7 31. b4 b6 32. bxc5 bxc5 33. Rb7+ Kf6 34. Nc3 Nxe3 35. Na4 Nxc4 36. Rb6 N8xb6 37. axb6 Rb8 38. Bf1 Nxb6 39. Nc3 a5 40. Bb5 a4 41. Nxa4 Nxa4 42. Bxa4 c4 43. Kf2 c3 44. Ke2 Rb2+ 45. Kd1 e3 46. Bb5 Rd2+ 47. Ke1 c2 48. Bd3 c1=Q# 0-1

[Event "December 12 Early 2023"]
[Site "https://www.chess.com"]
[Date "2023.12.12"]
[Round "11"]
[White "Donatti, Alvaro"]
[Black "Shapiro, Daniel"]
[Result "1-0"]
[Board "124"]
[TimeControl "180+1"]
[WhiteFideId "3000303"]
[BlackFideId "2001780"]
[WhiteElo "2071"]
[BlackElo "2298"]
[WhiteTeam "URU"]
[BlackTeam "USA"]
[WhiteClock "0:00:13"]
[BlackClock "0:00:00"]

1. e4 c5 2. Nf3 Nc6 3. d4 cxd4 4. Nxd4 Nf6 5. Nc3 d6 6. Be3 e5 7. Nb3 h6 8. f3 Be6 9. Qd2 d5 10. exd5 Nxd5 11. Nxd5 Qxd5 12. O-O-O Rd8 13. Bd3 Bb4 14. Qe2 Qd7 15. Nc5 Qe7 16. Nxe6 Qxe6 17. Bc4 Rxd1+ 18. Rxd1 Qe7 19. Qd3 O-O 20. Qd7 Rd8 21. Qxe7 Rxd1+ 22. Kxd1 Bxe7 23. c3 a6 24. Ke2 Kf8 25. Bd5 f5 26. Kd3 Ke8 27. Be6 g6 28. Bc8 Nd8 29. Bb6 Bd6 30. Kc4 g5 31. Kd5 Ke7 32. Bxd8+ Kxd8 33. Bxb7 Kc7 34. Bxa6 h5 35. h3 g4 36. c4 gxh3 37. gxh3 e4 38. fxe4 fxe4 39. c5 Bf4 40. Kxe4 Bc1 41. b3 Kc6 42. Kd4 Ba3 43. Kc4 Bxc5 44. b4 Bf2 45. a4 Bg1 46. a5 1-0

[Event "December 12 Early 2023"]
[Site "https://www.chess.com"]
[Date "2023.12.12"]
[Round "11"]
[White "Adelman, Charles"]
[Black "Nikulina, Alena"]
[Result "1/2-1/2"]
[Board "125"]
[TimeControl "180+1"]
[WhiteFideId "2003597"]
[BlackFideId "4172051"]
[WhiteElo "2261"]
[BlackElo "2070"]
[WhiteTeam "USA"]
[BlackTeam "RUS"]
[WhiteClock "0:02:09"]
[BlackClock "0:01:34"]

1. Nf3 d5 2. b3 c5 3. e3 Nc6 4. Bb2 Nf6 5. Bb5 e6 6. Ne5 Qc7 7. Bxc6+ bxc6 8. d3 Bd6 9. f4 O-O 10. Nd2 a5 11. a4 Nd7 12. Nxd7 Bxd7 13. Nf3 f6 14. O-O Rab8 15. Qe2 e5 16. fxe5 Bxe5 17. Bxe5 fxe5 18. e4 Bg4 19. h3 Bxf3 20. Rxf3 Rxf3 21. Qxf3 Rf8 22. Qe3 d4 23. Qe2 Rf4 24. Rf1 Qf7 25. Rxf4 Qxf4 26. Qe1 Kf7 27. Qxa5 Qc1+ 28. Kh2 Qf4+ 29. Kg1 Qc1+ 30. Kh2 Qf4+ 31. Kg1 1/2-1/2

[Event "December 12 Early 2023"]
[Site "https://www.chess.com"]
[Date "2023.12.12"]
[Round "11"]
[White "Golubenko, Valentina"]
[Black "Lohani, Sujana"]
[Result "1-0"]
[Board "126"]
[TimeControl "180+1"]
[WhiteFideId "4501993"]
[BlackFideId "12311987"]
[WhiteElo "2256"]
[BlackElo "2028"]
[WhiteTeam "CRO"]
[BlackTeam "NEP"]
[WhiteClock "0:00:24"]
[BlackClock "0:00:40"]

1. e4 c6 2. d4 d5 3. e5 c5 4. c3 Nc6 5. Nf3 cxd4 6. cxd4 Bg4 7. Be2 e6 8. O-O Nge7 9. Nc3 Nf5 10. Be3 Be7 11. h3 Bxf3 12. Bxf3 Bg5 13. Bxg5 Qxg5 14. Nb5 O-O 15. Bg4 a6 16. Bxf5 axb5 17. Bc2 f6 18. Qd3 g6 19. f4 Qh6 20. Bb3 fxe5 21. fxe5 b4 22. a3 bxa3 23. bxa3 Rxf1+ 24. Rxf1 Rxa3 25. Qf3 Qg7 26. Qg4 Nxd4 27. Bxd5 Qxe5 28. Bc4 b5 29. Qh4 bxc4 30. Qd8+ Kg7 31. Qf8# 1-0

[Event "December 12 Early 2023"]
[Site "https://www.chess.com"]
[Date "2023.12.12"]
[Round "11"]
[White "Saim, Mohamed Ilias"]
[Black "Zaichenko, Daria"]
[Result "0-1"]
[Board "127"]
[TimeControl "180+1"]
[WhiteFideId "7900465"]
[BlackFideId "4197453"]
[WhiteElo "2053"]
[BlackElo "2229"]
[WhiteTeam "ALG"]
[BlackTeam "RUS"]
[WhiteClock "0:00:00"]
[BlackClock "0:00:54"]

1. d4 d5 2. c4 e6 3. Nf3 Be7 4. e3 Nf6 5. Nbd2 O-O 6. Bd3 dxc4 7. Nxc4 c5 8. O-O Nc6 9. dxc5 Bxc5 10. a3 a5 11. b3 b5 12. Nce5 Nxe5 13. Nxe5 Ba6 14. Bb2 b4 15. axb4 Bxb4 16. Bxa6 Rxa6 17. Qf3 Qd5 18. Rfd1 Qxf3 19. Nxf3 Nd5 20. Rac1 a4 21. bxa4 Rxa4 22. Rc4 Rfa8 23. Rdc1 h6 24. h3 Ra2 25. Bd4 Ba3 26. Rc8+ Rxc8 27. Rxc8+ Kh7 28. Ne5 f6 29. Nf3 e5 30. Ba7 Bb4 31. Rd8 Nc3 32. Bb8 Ne4 33. Rc8 Ra1+ 34. Kh2 Nxf2 35. Rc4 Nd3 36. Kg3 Ra8 37. Bc7 Rc8 38. Rc5 Bxc5 0-1

[Event "December 12 Early 2023"]
[Site "https://www.chess.com"]
[Date "2023.12.12"]
[Round "11"]
[White "Olcayoz, Gizem"]
[Black "MasterofMasters2006"]
[Result "1-0"]
[Board "128"]
[TimeControl "180+1"]
[WhiteFideId "6301444"]
[WhiteElo "2039"]
[BlackElo "2068"]
[WhiteTeam "TUR"]
[WhiteClock "0:00:32"]
[BlackClock "0:01:20"]

1. e4 e5 2. Bc4 Nf6 3. d3 Nc6 4. Nc3 Bc5 5. f4 d6 6. Nf3 O-O 7. f5 h6 8. a3 Ng4 9. Ng5 Bf2+ 10. Kf1 Be3 11. Qxg4 Bxg5 12. Bxg5 Qxg5 13. Qxg5 hxg5 14. Nd5 Bd7 15. Nxc7 Rac8 16. Nd5 Nd4 17. Ne7+ Kh7 18. Nxc8 Nxc2 19. Rc1 Ne3+ 20. Ke2 Nxc4 21. Rxc4 Bxc8 22. g4 Bd7 23. h4 gxh4 24. Rxh4+ Kg8 25. b3 Bc6 26. g5 Rd8 27. Rc1 d5 28. Rch1 Kf8 29. Rh8+ Ke7 30. Rxd8 Kxd8 31. Ke3 dxe4 32. dxe4 Ke7 33. Rh7 Kf8 34. Rh8+ Ke7 35. Rg8 g6 36. fxg6 fxg6 37. Rxg6 Bd7 38. Rg7+ 1-0